AoeStats
← ccereal

Arena

510566053Analyzed
2v2 RM · 14h ago on Oct 1, 2026· 22m 52s· 4 players
Game mode
Random Map
Map size
Medium (4 player)
Population
200
Speed
Normal
Resources
Standard
Victory
Conquest
Starting age
Dark Age
Ending age
Imperial Age
RankedLock teamsTeams togetherTeam positionsShared explorationLock speedFull tech treeHidden civsTurbo modeCheats
Victory
Defeat
🇹🇼 Celts · Taiwan
1546
+15
1477
+18
🇫🇷 Britons · France
1552
-17
🇫🇷 Gurjaras · France
1500
-16
ccereal
8:29 Feudal Age
7:44 Loom
9:18 Double-Bit Axe
9:13 Horse Collar
16:55 Castle Age
15:41 Fletching
17:10 Padded Archer Armor
17:41 Bodkin Arrow
18:00 Crossbowman
Flybidi
9:36 Feudal Age
13:55 Castle Age
18:10 Loom
MXTS | ¿Se vale nuevo DLC?
10:32 Feudal Age
14:42 Castle Age
12:38 Double-Bit Axe
14:21 Loom
16:57 Fletching
17:10 Scale Mail Armor
WhisperyChunk92
6:19 Loom
8:30 Feudal Age
7:15 Loom
9:02 Double-Bit Axe
9:00 Horse Collar
13:02 Fletching
18:29 Wheelbarrow
21:20 Castle Age
22:29 Heavy Plow
22:43 Bow Saw
Connection lost

Rejoining the realm…

Still unreachable

The connection could not be restored.

Session expired

The server has moved on; the page needs a fresh start.